 Dungeon Crawl Stone Soup version 0.30-a0-1160-g6e42c06551 (webtiles) character file.

Game seed: 17234555585827471321

894 Lobster4 the Shield-Bearer (level 7, 0/67 (68) HPs)
             Began as a Troll Fighter on Apr 25, 2023.
             Was a Follower of Fedhas.
             Slain by a gnoll
             ... wielding a +1 spear of venom
             ... led by a gnoll bouda
              (5 damage)
             ... on level 6 of the Dungeon.
             The game lasted 00:09:51 (3674 turns).

Lobster4 the Shield-Bearer (Troll Fighter)          Turns: 3674, Time: 00:09:51

HP:   0/67 (68)     AC:  4    Str: 25    XL:     7   Next: 78%
MP:   7/7           EV:  9    Int:  6    God:    Fedhas [*.....]
Gold: 51            SH:  0    Dex:  9    Spells: 6/6 levels left

rFire   . .          .
                       - Unarmed
rCold   . . .        b - +1 kite shield
rNeg    . . .        a - +0 robe
rPois   .            (helmet restricted)
rElec   .            (no cloak)
rCorr   .            (gloves unavailable)
SInv    .            (boots unavailable)
Will    +....        (no amulet)
Stlth   +            l - ring of willpower
HPRegen 1.11/turn    (no ring)
MPRegen 0.10/turn

%: no passive effects
@: confused, mighty, lethally poisoned (0 -> -5), ambrosia-drunk, lightly
drained
A: large, unfitting armour, claws 3, regeneration 1, shaggy fur 1, tough skin 1
a: Renounce Religion


You were on level 6 of the Dungeon.
You worshipped Fedhas.
Fedhas was aware of your devotion.
You visited 1 branch of the dungeon, and saw 6 of its levels.

You collected 281 gold pieces.
You spent 230 gold pieces at shops.

Inventory:

Hand Weapons
 o - a +4 mace
 p - a +0 sling
 u - a +0 giant club
Missiles
 f - 12 poisoned darts (quivered)
 h - 6 large rocks
 k - 24 stones
 s - a boomerang
Armour
 a - a +0 robe (worn)
 b - a +1 kite shield (worn)
 y - a +0 cloak
Jewellery
 l - a ring of willpower (left claw)
Wands
 x - a wand of flame (17)
Scrolls
 d - 3 scrolls of immolation
 g - 2 scrolls of blinking
 i - a scroll of enchant weapon
 m - a scroll of fog
 t - a scroll of noise {unknown}
 v - a scroll of magic mapping
 z - a scroll of teleportation
 A - a scroll of butterflies
Potions
 c - 2 potions of might
 e - 2 potions of invisibility {unknown}
 j - 2 potions of brilliance
 q - a potion of magic {unknown}
 w - a potion of mutation


   Skills:
 + Level 3.6 Fighting
 + Level 2.2 Maces & Flails
 + Level 2.5 Throwing
 + Level 2.4 Armour
 + Level 3.7 Dodging
 + Level 3.9 Shields
 + Level 3.8 Unarmed Combat
 + Level 1.7 Invocations


You had 6 spell levels left.
You didn't know any spells.
Your spell library contained the following spells:

 Spells                   Type           Power      Damage    Failure   Level
 Ensorcelled Hibernation  Hex/Ice        0%         N/A       83%         2
 Passwall                 Tmut/Erth      0%         N/A       83%         2
 Swiftness                Air            0%         N/A       97%         3


Dungeon Overview and Level Annotations

Branches:
Dungeon (6/15)             Temple (0/1) D:4

Altars:
Fedhas
Kikubaaqudgha
Vehumet
Xom
The Shining One

Shops:
D:5 *(**

Annotations:
D:5 1 runed translucent door, Crazy Yiuf


Innate Abilities, Weirdness & Mutations

You are too large for most types of armour.
You have claws for hands.
Your natural rate of healing is unusually fast.
You are covered in fur. (AC +1)
You have tough skin. (AC +1)


Message History

You block the gnoll's attack. The hound closely misses you.
You closely miss the hound.
The gnoll hits you from afar with a +1 spear of venom.
You are poisoned.
The hound misses you.
You closely miss the hound.
You feel very sick. The hound bites you.
The gnoll hits you from afar with a +1 spear of venom!
You are more poisoned.
The hound bites you.
You closely miss the hound.
You feel very sick.
The gnoll hits you from afar with a +1 spear of venom!
You are more poisoned.
The hound bites you.
* * * LOW HITPOINT WARNING * * *
You are too injured to fight recklessly!
You feel very mighty all of a sudden.
* * * LOW HITPOINT WARNING * * *
You feel very sick. You block the hound's attack.
The gnoll hits you from afar with a +1 spear of venom.
* * * LOW HITPOINT WARNING * * *
You are more poisoned.
You block the hound's attack.
You feel better. You block the gnoll's attack. The hound bites you.
* * * LOW HITPOINT WARNING * * *
The gnoll is no longer moving quickly.
You block the hound's attack.
The gnoll hits you from afar with a +1 spear of venom.
* * * LOW HITPOINT WARNING * * *
You are lethally poisoned!
You are confused.
You feel invigorated.
You feel very sick. The hound bites you.
* * * LOW HITPOINT WARNING * * *
The gnoll hits you from afar with a +1 spear of venom.
You die...
Fedhas appreciates your contribution to the ecosystem.

#.# #.# #.#
#.# #.# ###
#.#
....g######.##
#ggogh@.?..#
.....######..#
### #..# #..#
#..# #..# #..#
#..# ##.#


You could see a hound, 4 gnolls and an orc.

Vanquished Creatures
  An ogre (D:5)
  5 wights
  3 hounds (D:5)
  2 jellies
  2 orc priests
  A gnoll bouda (D:6)
  An iguana (D:4)
  4 orc wizards
  A gnoll (D:6)
  4 adders
  A shadow imp (D:6)
  2 worms
  3 dart slugs
  21 orcs
  8 ball pythons
  8 endoplasms
  5 giant cockroaches
  7 goblins
  4 hobgoblins
  7 jackals (D:4)
  4 quokkas (D:1)
  6 bats
  3 frilled lizards
  10 kobolds
  2 rats
115 creatures vanquished.

Notes
Turn   | Place    | Note
-------+----------+-------------------------------------------
     0 | D:1      | Lobster4 the Troll Fighter began the quest for the Orb.
     0 | D:1      | Reached XP level 1. HP: 22/22 MP: 0/0
    82 | D:1      | Reached XP level 2. HP: 29/29 MP: 1/1
   609 | D:2      | Reached XP level 3. HP: 36/36 MP: 2/2
   834 | D:2      | Reached skill level 1 in Armour
  1084 | D:2      | Reached XP level 4. HP: 36/44 MP: 3/3
  1367 | D:3      | Reached skill level 1 in Throwing
  1522 | D:3      | Reached XP level 5. HP: 38/53 MP: 4/4
  1697 | D:3      | Found a radiant altar of Vehumet.
  1824 | D:3      | Found a blossoming altar of Fedhas.
  1827 | D:3      | Found an ancient bone altar of Kikubaaqudgha.
  2015 | D:3      | Became a worshipper of Fedhas Madash
  2205 | D:4      | Found a staircase to the Ecumenical Temple.
  2227 | D:4      | Found a shimmering altar of Xom.
  2232 | D:4      | Found a glowing golden altar of the Shining One.
  2283 | D:4      | Reached skill level 1 in Maces & Flails
  2332 | D:4      | Reached * piety under Fedhas
  2333 | D:4      | Reached XP level 6. HP: 50/61 MP: 5/5
  2841 | D:5      | Entered Level 5 of the Dungeon
  2888 | D:5      | Found Dinei's Assorted Antiques.
  3089 | D:5      | Reached skill level 1 in Invocations
  3176 | D:5      | Found Ippust's Assorted Antiques.
  3185 | D:5      | Found Mijanlaq's Antique Weapon Shop.
  3189 | D:5      | Found Kaethe's General Store.
  3196 | D:5      | Reached XP level 7. HP: 67/67 MP: 6/6
  3201 | D:5      | Bought a scroll of magic mapping for 82 gold pieces
  3201 | D:5      | Bought a +0 cloak for 49 gold pieces
  3201 | D:5      | Bought a scroll of teleportation for 33 gold pieces
  3201 | D:5      | Bought a scroll of butterflies for 44 gold pieces
  3201 | D:5      | Bought a scroll of identify for 22 gold pieces
  3544 | D:5      | Found a runed translucent door.
  3545 | D:5      | Noticed Crazy Yiuf
  3674 | D:6      | Slain by a gnoll

Illustrated notes

Levels and vault maps discovered:
D:1:      saegor_arrival_simple_e, layout_basic, minmay_unequal
D:2:      layout_basic, serial_rivers, chequers_serial_rivers_micro_a,
          chequers_serial_rivers_micro_d, chequers_serial_rivers_marsh,
          chequers_serial_rivers_micro_a, wad_floor_pattern_untrapped, hex_tiny
D:3:      layout_loops_ring, grunt_temple_overflow_growth_and_decay,
          lemuel_round_altar, minmay_misc_feat_tower
D:4:      layout_basic, grunt_temple_overflow_open,
          minmay_temple_entry_sparse_star, chequers_jeans
D:5:      layout_gridville, serial_shops, nicolae_shop_behind_doors, shop, shop,
          shop, uniq_crazy_yiuf_cottage
D:6:      minmay_chambers_of_sixes, layout_loops_ring,
          nicolae_uskayaw_en_pointe, serial_shops, nicolae_shop_rolled_up,
          minivault_10

Skill      XL: |  1  2  3  4  5  6  7 |
---------------+----------------------+-----
Shields        | 3 |  3.9
Armour         | 1 2 |  2.4
Throwing       | 1 2 |  2.5
Dodging        | 3 |  3.7
Fighting       | 3 |  3.6
Unarmed Combat | 3 |  3.8
Maces & Flails | 1 2 |  2.2
Invocations    | 1 |  1.7

Action                     |  1- 3 |  4- 6 |  7- 9 || total
---------------------------+-------+-------+-------++-------
  Melee: Unarmed           |   106 |   186 |    46 ||   338
  Throw: Large rock        |       |       |     5 ||     5
         Boomerang         |       |       |     4 ||     4
    Use: Scroll            |       |    10 |     3 ||    13
         Potion            |       |       |     4 ||     4
   Stab: Sleeping          |       |     1 |       ||     1
 Armour: Robe              |    19 |    40 |     6 ||    65
  Dodge: Dodged            |    17 |    55 |    14 ||    86
  Block: Kite shield       |    36 |    69 |    14 ||   119

Table legend: (Time is in decaauts)
 A = Elapsed time spent in this place.
 B = Non-inter-level travel time spent in this place.
 C = Inter-level travel time spent in this place.
 D = Time resting spent in this place.
 E = Time spent auto-exploring this place.
 F = Levels seen in this place.
 G = Mean time per level.
                   A        B        C        D        E       F      G
               +--------+--------+--------+--------+--------+-----+--------+
         Total |   3706 |   3520 |    186 |     12 |   2676 |   6 |  617.7 |
       Dungeon |   3706 |   3520 |    186 |     12 |   2676 |   6 |  617.7 |
               +--------+--------+--------+--------+--------+-----+--------+

Top non-repeatable levels by time:
     D:2: 856 daAuts
     D:4: 772 daAuts
     D:3: 764 daAuts
     D:5: 701 daAuts
     D:1: 515 daAuts
     D:6: 96 daAuts
